 Dungeon Crawl Stone Soup version 0.22-a0-79-g605b837 (webtiles) character file.

38 oplop the Chiller (level 3, -5/22 HPs)
             Began as an Octopode Ice Elementalist on Jan 16, 2018.
             Slain by Natasha (10 damage)
             ... on level 2 of the Dungeon on Jan 17, 2018.
             The game lasted 00:02:47 (1422 turns).

oplop the Chiller (Octopode Ice Elementalist)       Turns: 1422, Time: 00:02:48

Health: -5/22      AC:  1    Str:  7    XL:     3   Next: 43%
Magic:  3/6        EV: 13    Int: 18    God:
Gold:   99         SH:  0    Dex: 12    Spells: 6/7 levels left

rFire    . . .     SeeInvis .   (no weapon)
rCold    . . .     Gourm    .   (no shield)
rNeg     . . .     Faith    .   (helmet restricted)
rPois    .         Spirit   .   (no amulet)
rElec    .         Reflect  .   (no ring)
rCorr    .         Harm     .   (no ring)
MR       .....                  (no ring)
Stlth    +++.......             (no ring)
HPRegen  0.07/turn              (no ring)
MPRegen  0.10/turn              (no ring)
                                (no ring)
                                (no ring)

@: no status effects
A: almost no armour, stealthy swim, amphibious, 8 rings, constrict 8, camouflage
1, gelatinous body 1
a: no special abilities


You were on level 2 of the Dungeon.
You were hungry.

You visited 1 branch of the dungeon, and saw 2 of its levels.

You collected 99 gold pieces.

Inventory:

Scrolls
 c - a scroll of teleportation {unknown}
 d - 2 scrolls of remove curse {unknown}
 e - a scroll of identify {unknown}
 f - a scroll of magic mapping {unknown}
Books
 a - a book of Frost

   Spells                             Type                      Level
   a - Freeze                         Ice                          1
   b - Throw Frost                    Conjuration/Ice              2
   c - Ozocubu's Armour               Charms/Ice                   3
   d - Throw Icicle                   Conjuration/Ice              4
   e - Summon Ice Beast               Ice/Summoning                4
Comestibles
 b - 4 rations


   Skills:
 + Level 0.9 Fighting
 + Level 2.3 Dodging
 - Level 2.6 Stealth
 * Level 2.5 Spellcasting
   Level 1.0 Conjurations
 * Level 3.6 Ice Magic


You had 6 spell levels left.
You knew the following spells:

 Your Spells              Type           Power        Failure   Level  Hunger
a - Freeze                Ice            ###.         4%          1    #......


Dungeon Overview and Level Annotations

Branches:
Dungeon (2/15)

Altars:

Annotations:
D:2 Natasha


Innate Abilities, Weirdness & Mutations

You cannot wear most types of armour.
You are very stealthy in the water. (Stealth+)
You are amphibious.
You can wear up to eight rings at the same time.
You can use your tentacles to constrict eight enemies at once.
Your skin changes colour to match your surroundings (Stealth+).
Your rubbery body absorbs attacks. (AC +1, EV +1)


Message History

Press: ? - help, Shift-Dir - straight line, f - Natasha
Aim: Natasha, carrying a wand of flame (21) (lightly wounded, constricted by you)
You freeze Natasha.
Natasha is heavily wounded.
You constrict Natasha.
Natasha extends her claws.
Natasha claws you!
* * * LOW HITPOINT WARNING * * *
Casting: Freeze
Confirm with . or Enter, or press ? or * to list all spells.
Aiming: Freeze
Press: ? - help, Shift-Dir - straight line, f/p - Natasha
Aim: Natasha, carrying a wand of flame (21) (heavily wounded, constricted by you)
You freeze Natasha.
Natasha is almost dead.
You constrict Natasha.
Natasha wildly gestures.
Natasha shimmers violently.
Natasha claws you!
You die...

......P...#♣.♣.....#
#..........♣.♣.....#
##....!....♣.♣.....#
#.........#♣.♣#......
#...$.....#♣.♣######.
#.........#♣.♣
#.........#♣.♣
#..........♣
##.....@.#.♣
##...h.##... #######
####


You could see Natasha.

Vanquished Creatures
  2 dart slugs (D:1)
  6 bats
  3 giant cockroaches (D:1)
  4 goblins
  4 hobgoblins
  4 kobolds
  2 frilled lizards (D:1)
  8 rats
33 creatures vanquished.

Notes
Turn   | Place    | Note
-------+----------+-------------------------------------------
     0 | D:1      | oplop the Octopode Ice Elementalist began the quest for the Orb.
     0 | D:1      | Reached XP level 1. HP: 11/11 MP: 3/3
   362 | D:1      | Reached XP level 2. HP: 14/18 MP: 5/5
   702 | D:1      | Reached XP level 3. HP: 10/22 MP: 4/6
  1356 | D:2      | Upgraded the game from 0.22-a0-78-g0f8607c to 0.22-a0-79-g605b837
  1406 | D:2      | Noticed Natasha
  1422 | D:2      | Slain by Natasha

Vault maps used:
D:1:      minmay_arrival_jagged
D:2:      serial_forest, infiniplex_forest_clump_double,
          infiniplex_forest_lined_3_way, infiniplex_forest_straight_3,
          infiniplex_forest_split, infiniplex_forest_lined_3_way,
          infiniplex_forest_clump_large, uniq_natasha

Action                   || total
-------------------------++-------
Melee: Unarmed           ||    62
       Constrict         ||    24
       Tentacles         ||    13
 Cast: Freeze            ||    24
 Stab: Sleeping          ||     6
  Eat: Chunk             ||     1
Armor: Skin              ||    16
Dodge: Dodged            ||    55

Table legend:
 A = Spawn XP
 B = Non-spawn XP
 C = Spawn XP percentage of total XP
 D = Spawn monster count
 E = Non-spawn monster count
 F = Spawn count percentage of total count
 G = Total turns spent on level
                    A         B        C        D         E        F      G
               +---------+---------+-------+---------+---------+-------+---------
         Total |       0 |      55 |   0.0 |       0 |      33 |   0.0 |  1422
               +---------+---------+-------+---------+---------+-------+---------
           D:1 |       0 |      47 |   0.0 |       0 |      27 |   0.0 |  1262
           D:2 |       0 |       8 |   0.0 |       0 |       6 |   0.0 |   160
               +---------+---------+-------+---------+---------+-------+---------
